 Dungeon Crawl Stone Soup version 0.28.0-43-g3370ac3207 (webtiles) character file.

Game seed: 9047905753134027300

214 Ablot the Grasshopper (level 5, 0/43 HPs)
             Began as a Gnoll Warper on Mar 6, 2022.
             Slain by Sigmund
             ... wielding a +0 scythe
              (7 damage)
             ... on level 4 of the Dungeon.
             The game lasted 00:04:20 (3350 turns).

Ablot the Grasshopper (Gnoll Warper)                Turns: 3350, Time: 00:04:20

Health: 0/43       AC:  3    Str: 12    XL:     5   Next: 91%
Magic:  21/21      EV: 13    Int: 12    God:
Gold:   242        SH:  0    Dex: 12    Spells: 12/14 levels left

rFire   . . .      SeeInvis .   r - +2 whip (venom)
rCold   . . .      Faith    .   (no shield)
rNeg    . . .      Spirit   .   b - +0 leather armour
rPois   .          Reflect  .   (no helmet)
rElec   .          Harm     .   (no cloak)
rCorr   .          Rampage  .   (no gloves)
Will    .....                   (no boots)
Stlth   ++........              (no amulet)
HPRegen 0.14/turn               o - ring of magical power
MPRegen 0.17/turn               (no ring)

@: no status effects
A: fangs 1, strong nose, distributed training
a: no special abilities


You were on level 4 of the Dungeon.
You visited 1 branch of the dungeon, and saw 4 of its levels.

You collected 242 gold pieces.

Inventory:

Hand Weapons
 a - a +0 trident
 r - a +2 whip of venom (weapon)
 w - a +1 dagger of holy wrath
 y - a +0 hunting sling
Missiles
 d - 5 boomerangs of dispersal
 f - 53 arrows
 g - 16 bolts
 h - 36 stones (quivered)
Armour
 b - a +0 leather armour (worn)
Jewellery
 o - a ring of magical power (left hand)
 A - a ring of ice
Wands
 l - a wand of mindburst (8)
Scrolls
 c - 2 scrolls of blinking
 e - 2 scrolls of identify {unknown}
 j - a scroll of fear {unknown}
 k - a scroll of enchant armour {unknown}
 t - a scroll of holy word {unknown}
 u - 3 scrolls of immolation {unknown}
 v - a scroll of noise {unknown}
 B - a scroll of vulnerability {unknown}
Potions
 i - 2 potions of attraction {unknown}
 m - 2 potions of curing
 n - a potion of heal wounds {unknown}
 p - a potion of berserk rage {unknown}
 q - a potion of brilliance {unknown}
 s - a potion of degeneration {unknown}
 x - a potion of flight {unknown}
 z - a potion of invisibility {unknown}


   Skills:
 + Level 4.8 Fighting
 + Level 1.6 Short Blades
 + Level 1.6 Long Blades
 + Level 1.6 Axes
 + Level 1.6 Maces & Flails
 + Level 4.8 Polearms
 + Level 1.6 Staves
 + Level 1.6 Slings
 + Level 1.6 Bows
 + Level 1.6 Crossbows
 + Level 3.1 Throwing
 + Level 3.1 Armour
 + Level 4.8 Dodging
 + Level 1.6 Stealth
 + Level 1.6 Shields
 + Level 1.6 Unarmed Combat
 + Level 5.2 Spellcasting
 + Level 1.3 Conjurations
 + Level 1.3 Hexes
 + Level 1.3 Summonings
 + Level 1.3 Necromancy
 + Level 5.6 Translocations
 + Level 1.3 Transmutations
 + Level 1.3 Fire Magic
 + Level 1.3 Ice Magic
 + Level 1.3 Air Magic
 + Level 1.3 Earth Magic
 + Level 1.3 Poison Magic
 + Level 1.9 Invocations
 + Level 1.6 Evocations


You had 12 spell levels left.
You knew the following spells:

 Your Spells              Type           Power      Damage    Failure   Level
a - Blink                 Tloc           32%        N/A       3%          2

Your spell library contained the following spells:

 Spells                   Type           Power      Damage    Failure   Level
 Gell's Gravitas          Tloc           16%        N/A       8%          3
 Lesser Beckoning         Tloc           16%        N/A       8%          3
 Teleport Other           Tloc           16%        N/A       8%          3
 Dazzling Flash           Conj/Hex       12%        N/A       41%         3
 Iskenderun's Mystic Bla  Conj/Tloc      11%        2d4       52%         4
 Manifold Assault         Tloc           16%        N/A       56%         5
 Starburst                Conj/Fire      3%         6d3       100%        6


Dungeon Overview and Level Annotations

Branches:
Dungeon (4/15)
 Temple: D:4-7

Altars:
Hepliaklqana
Zin

Annotations:
D:4 Robin, Sigmund


Innate Abilities, Weirdness & Mutations

You have very sharp teeth.
Your uncanny sense of smell can sniff out nearby items.
Your experience applies equally to all skills.


Message History

3 goblins come into view.
The goblin shouts!
Robin throws the goblin at you! The goblin barely misses you.
You whack Sigmund!
Sigmund is poisoned.
Your bite misses Sigmund.
Sigmund is moderately wounded.
Sigmund closely misses you. The goblin hits you with a +0 dagger.
The goblin closely misses you.
You barely miss Sigmund.
Sigmund is moderately wounded.
Sigmund hits you with a +0 scythe! The goblin barely misses you.
The goblin closely misses you.
You hit Sigmund.
Sigmund is heavily wounded.
The goblin barely misses you.
You barely miss Sigmund.
Sigmund is heavily wounded.
Sigmund casts a spell at you.
You are confused.
The goblin hits you with a +0 dagger. The goblin closely misses you.
You bump into the rock wall.
Sigmund drinks a potion.
Sigmund is healed!
Sigmund looks more healthy.
The goblin closely misses you.
Robin roars a battlecry!
The goblins go into a battle-frenzy!
The goblin misses you.
You bump into the rock wall.
Sigmund hits you with a +0 scythe.
A kobold comes into view. It is wielding a +0 whip.
The goblin hits you with a +0 dagger. The goblin hits you with a +0 club.
You bump into the rock wall.
Sigmund closely misses you. The goblin hits you but does no damage.
The goblin barely misses you.
You bump into the rock wall.
The goblin hits you with a +0 dagger.
Robin roars a battlecry!
The goblin goes into a battle-frenzy!
The goblin barely misses you.
You bump into the rock wall.
Sigmund hits you with a +0 scythe!
* * * LOW HITPOINT WARNING * * *
The goblin closely misses you. The goblin barely misses you.
You bump into the rock wall.
You feel less confused. Sigmund hits you with a +0 scythe!
You die...

#.# #.# #.# #.# #.#####
##.....# ###......##
.....###..###############
.....+_'.......g@@g......
###..###..#######gggK....
#.....)## #ggg.....
#......# #gg..♣♣..
######## #..♣g♣ #...♣[♣ ∆
...♣♣... #... ..g #... g.


You could see Sigmund, Robin, 2 hobgoblins, 8 goblins and a kobold.

Vanquished Creatures
  A kobold brigand (D:3)
  A hound skeleton (D:4)
  4 adders
  An adder skeleton (D:4)
  A worm (D:3)
  2 dart slugs
  3 orcs (D:3)
  7 bats
  8 endoplasms
  3 giant cockroaches
  5 hobgoblins
  2 jackals (D:2)
  4 kobolds
  A quokka (D:4)
  5 ball pythons
  5 frilled lizards
  8 goblins
  23 rats
84 creatures vanquished.

Notes
Turn   | Place    | Note
-------+----------+-------------------------------------------
     0 | D:1      | Ablot the Gnoll Warper began the quest for the Orb.
     0 | D:1      | Reached XP level 1. HP: 20/20 MP: 6/6
   117 | D:1      | Reached XP level 2. HP: 26/26 MP: 7/7
   391 | D:1      | Reached XP level 3. HP: 19/31 MP: 9/9
   394 | D:1      | Learned a level 2 spell: Blink
   513 | D:1      | Reached skill level 5 in Spellcasting
   961 | D:2      | Reached skill level 1 in Invocations
  1089 | D:2      | Found a faded altar of an unknown god.
  1129 | D:2      | Reached skill level 1 in Short Blades
  1129 | D:2      | Reached skill level 1 in Long Blades
  1129 | D:2      | Reached skill level 1 in Axes
  1129 | D:2      | Reached skill level 1 in Maces & Flails
  1129 | D:2      | Reached skill level 1 in Staves
  1129 | D:2      | Reached skill level 1 in Slings
  1129 | D:2      | Reached skill level 1 in Bows
  1129 | D:2      | Reached skill level 1 in Crossbows
  1129 | D:2      | Reached skill level 1 in Stealth
  1129 | D:2      | Reached skill level 1 in Shields
  1129 | D:2      | Reached skill level 1 in Unarmed Combat
  1129 | D:2      | Reached skill level 1 in Evocations
  1149 | D:2      | Reached XP level 4. HP: 37/38 MP: 11/11
  1921 | D:3      | Reached skill level 1 in Conjurations
  1921 | D:3      | Reached skill level 1 in Hexes
  1921 | D:3      | Reached skill level 1 in Summonings
  1921 | D:3      | Reached skill level 1 in Necromancy
  1921 | D:3      | Reached skill level 1 in Transmutations
  1921 | D:3      | Reached skill level 1 in Fire Magic
  1921 | D:3      | Reached skill level 1 in Ice Magic
  1921 | D:3      | Reached skill level 1 in Air Magic
  1921 | D:3      | Reached skill level 1 in Earth Magic
  1921 | D:3      | Reached skill level 1 in Poison Magic
  2196 | D:3      | Noticed a kobold brigand
  2225 | D:3      | Killed a kobold brigand
  2226 | D:3      | Reached XP level 5. HP: 25/43 MP: 12/12
  2685 | D:3      | Found a faded altar of an unknown god.
  2687 | D:3      | Found a hazy altar of Hepliaklqana.
  3303 | D:4      | Found a glowing silver altar of Zin.
  3332 | D:4      | Noticed Sigmund
  3333 | D:4      | Noticed Robin
  3350 | D:4      | Slain by Sigmund

Illustrated notes

Levels and vault maps discovered:
D:1:      dpeg_arrival_orchard, layout_rooms
D:2:      layout_basic, chequers_ecumenical_altar_lobes
D:3:      layout_basic, beargit_hepliaklqana_dungeon_heroes
D:4:      layout_basic, kennysheep_mini_moat, chequers_garden, minmay_rat_hole,
          uniq_menkaure, uniq_robin, uniq_sigmund

Skill      XL: |  1  2  3  4 |
---------------+-------------+-----
Spellcasting   | 5 |  5.2
Invocations    | 1 |  1.9
Short Blades   | 1 |  1.6
Long Blades    | 1 |  1.6
Axes           | 1 |  1.6
Maces & Flails | 1 |  1.6
Staves         | 1 |  1.6
Slings         | 1 |  1.6
Bows           | 1 |  1.6
Crossbows      | 1 |  1.6
Stealth        | 1 |  1.6
Shields        | 1 |  1.6
Unarmed Combat | 1 |  1.6
Evocations     | 1 |  1.6
Conjurations   | 1 |  1.3
Hexes          | 1 |  1.3
Summonings     | 1 |  1.3
Necromancy     | 1 |  1.3
Transmutations | 1 |  1.3
Fire Magic     | 1 |  1.3
Ice Magic      | 1 |  1.3
Air Magic      | 1 |  1.3
Earth Magic    | 1 |  1.3
Poison Magic   | 1 |  1.3
Throwing       | 3 |  3.1
Armour         | 3 |  3.1
Fighting       | |  4.8
Polearms       | |  4.8
Dodging        | |  4.8
Translocations | |  5.6

Action                   |  1- 3 |  4- 6 || total
-------------------------+-------+-------++-------
Melee: Spear             |    86 |       ||    86
       Bite              |    10 |     9 ||    19
       Punch             |     1 |       ||     1
       Trident           |    55 |     8 ||    63
       Whip              |       |    92 ||    92
       Dagger            |       |     9 ||     9
Throw: Stone             |       |     5 ||     5
Evoke: Wand              |     1 |     4 ||     5
 Stab: Sleeping          |       |     2 ||     2
Armor: Leather armour    |    43 |    21 ||    64
Dodge: Dodged            |    67 |    88 ||   155
